 Dungeon Crawl Stone Soup version 0.32-a0-913-g739538afd8 (webtiles) character file.

Game seed: 14920116296055708005

28 jasper the Firebug (level 2, 0/20 HPs)
             Began as a Mountain Dwarf Fire Elementalist on Apr 7, 2024.
             Slain by an adder (2 damage)
             ... on level 1 of the Dungeon.
             The game lasted 00:02:12 (948 turns).

jasper the Firebug (MDFE)                            Turns: 948, Time: 00:02:13

Health: 0/20       AC:  3    Str: 10    XL:     2   Next: 96%
Magic:  1/5        EV: 10    Int: 15    God:
Gold:   38         SH:  0    Dex: 10    Spells: 2/5 levels left

rFire   . . .        d - +0 dagger
rCold   . . .        (no shield)
rNeg    . . .        a - +0 robe
rPois   .            g - +0 helmet
rElec   .            (no cloak)
rCorr   .            (no gloves)
SInv    .            (no boots)
Will    .....        (no amulet)
Stlth   ++           (no ring)
HPRegen 0.23/turn    (no ring)
MPRegen 0.09/turn

%: no passive effects
@: very slightly contaminated
A: runic magic, artefact enchanting
a: no special abilities


You were on level 1 of the Dungeon.
You visited 1 branch of the dungeon, and saw 2 of its levels.

You collected 38 gold pieces.

Inventory:

Hand Weapons
 d - a +0 dagger (weapon)
Missiles
 c - 7 stones
Armour
 a - a +0 robe (worn)
 g - a +0 helmet (worn)
Scrolls
 e - a scroll of identify {unknown}
 f - a scroll of teleportation {unknown}


   Skills:
 - Level 1.3 Dodging
 - Level 1.4 Stealth
 - Level 2.0 Spellcasting
 - Level 1.0 Conjurations
 + Level 4.9 Fire Magic


You had 2 spell levels left.
You knew the following spells:

 Your Spells              Type           Power      Damage    Failure   Level
a - Foxfire               Conj/Fire      40%        2x1d6     7%          1
b - Scorch                Fire           32%        2d6       4%          2

Your spell library contained the following spells:

 Spells                   Type           Power      Damage    Failure   Level
 Inner Flame              Hex/Fire       8%         N/A       24%         3
 Volatile Blastmotes      Fire/Tloc      16%        2d11      24%         3
 Frozen Ramparts          Ice            2%         1d1       54%         3
 Ozocubu's Armour         Ice            1%         N/A       54%         3
 Flame Wave               Conj/Fire      10%        2d6       54%         4
 Metabolic Englaciation   Hex/Ice        0%         N/A       99%         5


Dungeon Overview and Level Annotations

Branches:
Dungeon (2/15)

Altars:

Shops:
D:1 !=


Innate Abilities, Weirdness & Mutations

Your spellcasting is much less encumbered by armour.
You can use scrolls of enchantment on lesser artefacts.


Message History

You take 2 damage, and have 3/20 hp.
MP restored: 5
Casting: Foxfire (safe; 7% risk of failure)
Confirm with . or Enter, or press ? or * to list all spells.
Flames lash the jackal.
You kill the jackal!
The adder barely misses you.
You now have 3/5 mp.
Casting: Scorch (safe; 4% risk of failure)
Confirm with . or Enter, or press ? or * to list all spells.
You miscast Scorch.
You are very lightly contaminated with residual magic.
Nothing appears to happen.
The adder closely misses you.
You now have 1/5 mp.
Casting: Scorch (safe; 4% risk of failure)
Confirm with . or Enter, or press ? or * to list all spells.
You don't have enough magic to cast this spell.
Casting: Foxfire (safe; 7% risk of failure)
Press: ? - help, Q - select action, (/) - cycle Dir - look around, f - activate You conjure some foxfire!
The adder barely misses you. The adder bites you.
* * * LOW HITPOINT WARNING * * *
You take 2 damage, and have 2/20 hp.
You now have 0/5 mp.
Your foxfire dissipates!
You aren't carrying any potions.
Unknown command.
Okay, then.
You aren't carrying any items that you can evoke.
You don't have enough magic to cast this spell.
Unknown command.
Okay, then.
You hit the adder.
The adder is almost dead.
The adder bites you.
* * * LOW HITPOINT WARNING * * *
You take 1 damage, and have 1/20 hp.
You closely miss the adder.
The adder is almost dead.
The adder bites you.
You die...

#####.################
#...........# #.###.#####.# #.#
#.# #.# ########
####.###.#####.###.......
#####..)...........>.#.P~~P.P
#............#####.#.#.~≈≈≈.≈
####.###.##.#########.#.#.~~≈~.~
#....# #.......@SJ.##.#.#.≈~~~.~
#.##.###.##.######.##.#.#.~~~≈.~
#.##.....##.######.##.#.#.~~~~.≈
#.####.#.##...........#...~~~~.~
#.# #..................).~≈~~.~
#.# ####.#.###.##.#.#...)~≈~~.~
#.# #.#.# #........#..P~~... #.#
#.#.# #.##.#.#.......... #.#
#.#.# #.##............<.


You could see an adder and an endoplasm.

Vanquished Creatures
  4 endoplasms (D:1)
  4 goblins (D:1)
  6 jackals
  2 kobolds (D:1)
  A quokka (D:1)
  5 bats
  2 rats (D:1)
24 creatures vanquished.

Vanquished Creatures (collateral kills)
  A foxfire (D:1)
1 creature vanquished.

Vanquished Creatures (others)
  52 foxfires
52 creatures vanquished.

Grand Total: 77 creatures vanquished

Notes
Turn   | Place    | Note
-------+----------+-------------------------------------------
     0 | D:1      | jasper the Mountain Dwarf Fire Elementalist began the quest
                  | for the Orb.
     0 | D:1      | Reached XP level 1. HP: 14/14 MP: 3/3
    62 | D:1      | Reached skill level 1 in Conjurations
   213 | D:1      | Reached skill level 4 in Fire Magic
   260 | D:1      | Reached XP level 2. HP: 20/20 MP: 3/5
   263 | D:1      | Learned a level 2 spell: Scorch
   376 | D:1      | Found Caece's Jewellery Emporium.
   415 | D:1      | Found Fowkafus's Distillery.
   947 | D:1      | HP: 1/20 [adder (1)]
   948 | D:1      | Slain by an adder

Illustrated notes

Levels and vault maps discovered:
D:1:      giann_bridges, layout_loops_ring, serial_shops,
          nicolae_shop_tiny_statue_garden, shop, nicolae_the_louvre
D:2:      layout_rooms

Skill      XL: |  1 |
---------------+----+-----
Conjurations   | 1 |  1.0
Spellcasting   | 2 |  2.0
Fire Magic     | 4 |  4.9
Dodging        | |  1.3
Stealth        | |  1.4

Action                     || total
---------------------------++-------
  Melee: Unarmed           ||     5
         Dagger            ||    11
   Cast: Foxfire           ||    37
         Scorch            ||     1
    Use: Potion            ||     1
 Armour: Robe              ||    32
  Dodge: Dodged            ||    34

Table legend: (Time is in decaauts)
 A = Elapsed time spent in this place.
 B = Non-inter-level travel time spent in this place.
 C = Inter-level travel time spent in this place.
 D = Time resting spent in this place.
 E = Time spent auto-exploring this place.
 F = Levels seen in this place.
 G = Mean time per level.
                   A        B        C        D        E       F      G
               +--------+--------+--------+--------+--------+-----+--------+
         Total |    950 |    929 |     21 |     11 |    743 |   2 |  475.0 |
       Dungeon |    950 |    929 |     21 |     11 |    743 |   2 |  475.0 |
               +--------+--------+--------+--------+--------+-----+--------+

Top non-repeatable levels by time:
     D:1: 935 daAuts
     D:2: 14 daAuts
